 Dungeon Crawl Stone Soup version 0.31-a0-233-g139696dc86 (webtiles) character file.

Game seed: 6556465985354084152

64 qw the Shooter (level 3, -1/29 HPs)
             Began as a Minotaur Hexslinger on July 8, 2023.
             Slain by Robin
             ... wielding a +1 dagger of electrocution
              (15 damage)
             ... on level 2 of the Dungeon.
             The game lasted 00:00:25 (897 turns).

qw the Shooter (Minotaur Hexslinger)                 Turns: 897, Time: 00:00:25

Health: -1/29      AC:  5    Str: 12    XL:     3   Next: 91%
Magic:  3/3        EV: 11    Int: 10    God:
Gold:   54         SH:  0    Dex: 14    Spells: 3/4 levels left

rFire   . . .        Y - +1 sling (drain)
rCold   . . .        (no shield)
rNeg    . . .        g - +0 ring mail
rPois   .            (helmet restricted)
rElec   .            (no cloak)
rCorr   .            (no gloves)
SInv    .            (no boots)
Will    .....        (no amulet)
Stlth   +            (no ring)
HPRegen 0.24/turn    (no ring)
MPRegen 0.08/turn

%: no passive effects
@: no status effects
A: horns 2, retaliatory headbutt
a: no special abilities


You were on level 2 of the Dungeon.
You visited 1 branch of the dungeon, and saw 2 of its levels.

You collected 54 gold pieces.


Innate Abilities, Weirdness & Mutations

You have a pair of horns on your head.
You reflexively headbutt those who attack you in melee.


   Skills:
 - Level 2.0 Fighting
 + Level 4.2 Ranged Weapons
 - Level 1.1 Armour
 - Level 2.1 Dodging
 - Level 1.0 Spellcasting
 - Level 2.0 Hexes


You had 3 spell levels left.
You knew the following spells:

 Your Spells              Type           Power      Damage    Failure   Level
a - Slow                  Hex            16%        N/A       34%         1

Your spell library contained the following spells:

 Spells                   Type           Power      Damage    Failure   Level
 Inner Flame              Hex/Fire       2%         N/A       83%         3
 Portal Projectile        Hex/Tloc       4%         N/A       83%         3
 Cause Fear               Hex            2%         N/A       98%         4

Inventory:

Hand Weapons
 Y - a +1 sling of draining (weapon)
Armour
 g - a +0 ring mail (worn)
Scrolls
 a - 3 scrolls of identify {unknown}
 b - 2 scrolls of blinking {unknown}
 c - a scroll of enchant armour {unknown}
Potions
 d - a potion of mutation {unknown}
 e - a potion of cancellation {unknown}
 h - a potion of curing {unknown}

Dungeon Overview and Level Annotations

Branches:
Dungeon (2/15)

Altars:

Annotations:
D:2 Robin


Message History

Robin is moderately wounded.
The goblin hits you with a +0 dagger.
You shoot a sling bullet.
The sling bullet barely misses the goblin.
The sling bullet hits Robin but does no damage.
Robin is moderately wounded.
The goblin barely misses you. x2
You shoot a sling bullet.
The sling bullet closely misses the goblin.
The sling bullet hits Robin.
You drain Robin.
Robin is heavily wounded.
The goblin hits you but does no damage.
You shoot a sling bullet. The sling bullet hits the goblin.
You kill the goblin!
You shoot a sling bullet.
The sling bullet hits Robin but does no damage.
Robin is heavily wounded.
Robin barely misses you.
You shoot a sling bullet.
The sling bullet hits Robin but does no damage.
Robin is heavily wounded.
Robin barely misses you. Robin hits you but does no damage.
You shoot a sling bullet. The sling bullet hits Robin.
Robin is heavily wounded.
Robin flexes a bicep menacingly.
Robin hits you but does no damage.
You are electrocuted!
You shoot a sling bullet. The sling bullet hits Robin.
Robin is heavily wounded.
Robin barely misses you.
You shoot a sling bullet.
The sling bullet hits Robin but does no damage.
You drain Robin.
Robin is almost dead.
Robin hits you but does no damage.
Robin hits you with a +1 dagger of electrocution.
You shoot a sling bullet. The sling bullet barely misses Robin.
Robin hits you with a +1 dagger of electrocution.
You are electrocuted!
Ouch! That really hurt!
You die...

#..... #.# ####
#.#.#. #.#
..).###...#. #)#
####......... #!#
........#..## #)#
.....#....## #)#
.....##....## #g#
.........##...
#@#.......##..####
##.#......# #...###
#..##.....###.#....
#.##.......##.#####
#.#[........#.# #.
#.#.........#.# ##.
#.............###..
##.................
##...............)


You could see Robin (very drained).

Vanquished Creatures
  An adder (D:2)
  2 dart slugs
  4 endoplasms (D:1)
  3 giant cockroaches
  10 goblins
  5 hobgoblins
  6 jackals (D:2)
  2 quokkas (D:2)
  A ball python (D:1)
  2 bats
  2 frilled lizards (D:2)
  4 kobolds (D:1)
  A rat (D:1)
43 creatures vanquished.

Notes
Turn   | Place    | Note
-------+----------+-------------------------------------------
     0 | D:1      | qw the Minotaur Hexslinger began the quest for the Orb.
     0 | D:1      | Reached XP level 1. HP: 16/16 MP: 1/1
     0 | D:1      | 0 ||| qw: Version: 0.3-a-46-gb1f654a
     0 | D:1      | 0 ||| qw: Game counter: 3501
     0 | D:1      | 0 ||| qw: Melee chars always use a shield: true
     0 | D:1      | 0 ||| qw: God list: Okawaru
     0 | D:1      | 0 ||| qw: Allow faded altars: false
     0 | D:1      | 0 ||| qw: Do Orc after clearing Dungeon:15 true
     0 | D:1      | 0 ||| qw: Do second Lair branch before Depths: true
     0 | D:1      | 0 ||| qw: Lair rune preference: random
     0 | D:1      | 0 ||| qw: Goals: Normal
     0 | D:1      | 0 ||| PLANNING D:1-11
   214 | D:1      | Reached skill level 3 in Ranged Weapons
   216 | D:1      | Reached XP level 2. HP: 23/23 MP: 2/2
   571 | D:1      | 571 ||| UPGRADING to +0 ring mail.
   581 | D:1      | 581 ||| DROPPING +0 robe.
   582 | D:1      | 582 ||| READING scroll labelled EREEWKI CAUTOS.
   583 | D:1      | 583 ||| DROPPING scroll of poison.
   678 | D:2      | Reached XP level 3. HP: 24/29 MP: 3/3
   768 | D:2      | Reached skill level 4 in Ranged Weapons
   884 | D:2      | Noticed Robin
   886 | D:2      | Reached skill level 1 in Armour
   897 | D:2      | Slain by Robin

Levels and vault maps discovered:
D:1:      enne_arrival_octagon_isle, layout_loops_ring
D:2:      layout_rooms, uniq_robin

Skill      XL: |  1  2  3 |
---------------+----------+-----
Ranged Weapons | 3 4 |  4.2
Fighting       | 2 |  2.0
Armour         | 1 |  1.1
Dodging        | |  2.1
Spellcasting   | |  1.0
Hexes          | |  2.0

Action                     || total
---------------------------++-------
   Fire: Sling             ||   108
    Use: Scroll            ||     1
 Armour: Robe              ||     2
         Ring mail         ||    10
  Dodge: Dodged            ||    27

Table legend:
 A = Non-vault XP
 B = Vault XP
 C = Vault XP percentage of total XP
 D = Non-vault monster count
 E = Vault monster count
 F = Vault count percentage of total count
                 A         B        C        D         E       F
            +---------+---------+-------+---------+---------+-------
      Total |      80 |      12 |  13.0 |      37 |       6 |  14.0
            +---------+---------+-------+---------+---------+-------
        D:1 |      32 |       0 |   0.0 |      18 |       0 |   0.0
        D:2 |      48 |      12 |  20.0 |      19 |       6 |  24.0
            +---------+---------+-------+---------+---------+-------
